 Dungeon Crawl Stone Soup version 0.21.1-1-g345015f (webtiles) character file.

193 Lilu the Magician (level 5, -1/28 HPs)
             Began as a Deep Elf Wizard on July 22, 2018.
             Slain by a worker ant (4 damage)
             ... on level 5 of the Dungeon.
             The game lasted 00:25:04 (3225 turns).

Lilu the Magician (Deep Elf Wizard)                 Turns: 3225, Time: 00:25:05

Health: -1/28      AC:  2    Str:  4    XL:     5   Next: 44%
Magic:  2/15       EV: 13    Int: 29    God:
Gold:   145        SH:  0    Dex: 13    Spells: 8/16 levels left

rFire    . . .     SeeInvis .   (no weapon)
rCold    . . .     Gourm    .   (no shield)
rNeg     . . .     Faith    .   a - +0 robe
rPois    .         Spirit   .   b - +0 hat
rElec    .         Reflect  .   (no cloak)
rCorr    .         Harm     .   (no gloves)
MR       .....                  (no boots)
Stlth    ++........             (no amulet)
HPRegen  0.09/turn              (no ring)
MPRegen  0.14/turn              (no ring)

@: brilliant, lethally poisoned (-1 -> -5)
A: no striking features
a: no special abilities


You were on level 5 of the Dungeon.
You were not hungry.

You visited 1 branch of the dungeon, and saw 5 of its levels.

You collected 145 gold pieces.

Inventory:

Hand Weapons
 u - a +0 hunting sling
 x - a +2 hunting sling of velocity
Missiles
 g - 73 stones (quivered)
 j - 24 poisoned needles
 k - 14 bolts
 r - 60 arrows
Armour
 a - a +0 robe (worn)
 b - a +0 hat (worn)
 f - a +0 ring mail
 n - a +0 ring mail
 p - a +0 animal skin
 q - a +0 helmet
 z - a +0 robe
Wands
 A - a wand of enslavement (15)
Scrolls
 e - 3 scrolls of identify {unknown}
 i - a scroll of fear
 m - 2 scrolls of immolation {unknown}
 s - a scroll of amnesia {unknown}
 y - a scroll of magic mapping {unknown}
Potions
 h - a potion of brilliance
 l - 3 potions of flight {unknown}
 o - 2 potions of degeneration {unknown}
 t - a potion of curing {unknown}
 v - 2 potions of lignification {unknown}
 w - a potion of heal wounds {unknown}
Books
 c - a book of Minor Magic

   Spells                             Type                      Level
   a - Magic Dart                     Conjuration                  1
   b - Blink                          Translocation                2
   c - Call Imp                       Summoning                    2
   d - Slow                           Hexes                        2
   e - Conjure Flame                  Conjuration/Fire             3
   f - Mephitic Cloud                 Conjuration/Poison/Air       3
Comestibles
 d - 2 rations
 B - a chunk of flesh


   Skills:
 + Level 3.4 Dodging
 - Level 2.4 Stealth
 * Level 6.0 Spellcasting
 - Level 3.2 Conjurations
 - Level 3.0 Summonings
 - Level 1.1 Translocations


You had 8 spell levels left.
You knew the following spells:

 Your Spells              Type           Power        Failure   Level  Hunger
a - Magic Dart            Conj           ####         1%          1    None
b - Call Imp              Summ           #####...     1%          2    None
c - Blink                 Tloc           N/A          1%          2    None
d - Mephitic Cloud        Conj/Pois/Air  ####....     1%          3    None


Dungeon Overview and Level Annotations

Branches:
Dungeon (5/15)
 Temple: D:4-7

Altars:
Ashenzari
Dithmenos
Trog


Message History

* * * LOW HITPOINT WARNING * * *
* * * LOW HITPOINT WARNING * * *
You feel sick. The adder bites you.
* * * LOW HITPOINT WARNING * * *
* * * LOW HITPOINT WARNING * * *
You feel sick.
Casting: Magic Dart
Confirm with . or Enter, or press ? or * to list all spells.
Aiming: Magic Dart
Press: ? - help, Shift-Dir - straight line, f/p - adder
Aim: an adder (almost dead)
The magic dart hits the adder.
You kill the adder!
Your Spellcasting skill increases to level 6!
Okay, then.
It was a potion of brilliance.
You feel clever all of a sudden.
* * * LOW HITPOINT WARNING * * *
You feel sick. The worker ant bites you.
You die...

#J..###.##
#.#.#.#.#.#.
###.#.#.#.#.#.#
#..#.#.#.#.#.#.
#.#.#.#(#.#.#.#.
#^.#.#.#.#.#.#.#.
#.#.#.#.#.#.#.#.#.
##.#.#a#.#.#.#.#.#.
..#.#.#@#.#.#.#.#.#
##..#.#.#.#.#.#.#.#
#.#.#.#.#.#.#.#.#
#..#.#.#.#.#.#.#
#.#.#.#.#.#.#.#
#..#.#.#.#.#.#
..#.#.#.#.#<#..
###.#.#.#.#?#.#.
!.#.#.#.#S#.#..


You could see a worker ant.

Vanquished Creatures
  Jessica (D:2)
  An iguana (D:4)
  Robin (D:2)
  6 adders
  An ooze (D:2)
  2 dart slugs (D:1)
  A leopard gecko (D:1)
  An orc (D:3)
  3 giant cockroaches
  17 goblins
  7 hobgoblins
  3 jackals (D:1)
  2 quokkas
  2 bats
  2 frilled lizards
  4 kobolds
  7 rats
61 creatures vanquished.

Vanquished Creatures (collateral kills)
  An ooze (D:3)
  2 worms (D:2)
  A leopard gecko (D:3)
  4 orcs
  2 giant cockroaches
  2 hobgoblins
12 creatures vanquished.

Grand Total: 73 creatures vanquished

Notes
Turn   | Place    | Note
-------+----------+-------------------------------------------
     0 | D:1      | Lilu the Deep Elf Wizard began the quest for the Orb.
     0 | D:1      | Reached XP level 1. HP: 10/10 MP: 7/7
   209 | D:1      | Reached skill level 5 in Spellcasting
   209 | D:1      | Reached XP level 2. HP: 13/15 MP: 6/10
   255 | D:1      | Learned a level 2 spell: Call Imp
   634 | D:1      | Reached XP level 3. HP: 19/19 MP: 5/11
  1038 | D:2      | Learned a level 2 spell: Blink
  1176 | D:2      | Noticed Jessica
  1184 | D:2      | Killed Jessica
  1354 | D:2      | Noticed Robin
  1468 | D:2      | Killed Robin
  1468 | D:2      | Reached XP level 4. HP: 18/24 MP: 3/13
  2088 | D:3      | Learned a level 3 spell: Mephitic Cloud
  2272 | D:3      | Reached XP level 5. HP: 21/28 MP: 7/14
  2310 | D:3      | Found a shadowy altar of Dithmenos.
  2317 | D:3      | Found a bloodstained altar of Trog.
  2324 | D:3      | Found a shattered altar of Ashenzari.
  3135 | D:4      | Noticed an ogre
  3195 | D:5      | Entered Level 5 of the Dungeon
  3224 | D:5      | Reached skill level 6 in Spellcasting
  3225 | D:5      | Slain by a worker ant

Skill      XL: |  1  2  3  4  5 |
---------------+----------------+-----
Spellcasting   | 5 6 |  6.0
Dodging        | 3 |  3.4
Conjurations   | 2 3 |  3.2
Summonings     | 2 3 |  3.0
Stealth        | |  2.4
Translocations | |  1.1

Action                   |  1- 3 |  4- 6 || total
-------------------------+-------+-------++-------
 Cast: Magic Dart        |    95 |    75 ||   170
       Call Imp          |     8 |    31 ||    39
       Mephitic Cloud    |       |     2 ||     2
       Blink             |       |     1 ||     1
  Use: Scroll            |     3 |       ||     3
       Potion            |       |     1 ||     1
  Eat: Chunk             |     1 |     4 ||     5
       Ration            |       |     1 ||     1
Armor: Robe              |     7 |     8 ||    15
Dodge: Dodged            |    41 |    24 ||    65
